 Dungeon Crawl Stone Soup version 0.20.1-1-g8b1a95d (webtiles) character file.

1402 Gelerth the Digger (level 8, -3/44 HPs)
             Began as a Gargoyle Earth Elementalist on Aug 8, 2017.
             Was a Follower of Ashenzari.
             Slain by smzp's ghost (4 damage)
             ... on level 6 of the Dungeon.
             The game lasted 00:47:49 (5088 turns).

Gelerth the Digger (Gargoyle Earth Elementalist)    Turns: 5088, Time: 00:47:50

Health: -3/44      AC: 10    Str: 10 (12) XL:     8   Next: 69%
Magic:  2/15       EV: 12    Int: 17 (18) God:    Ashenzari [*.....]
Gold:   232        SH:  0    Dex: 10 (12) Spells: 2/17 levels left

rFire    + . .     SeeInvis .   j - +2 mace (venom) (curse)
rCold    . . .     Gourm    .   (no shield)
rNeg     + . .     Faith    .   c - +2 robe (curse)
rPois    ∞         Spirit   .   r - +0 helmet (curse)
rElec    +         Reflect  .   (no cloak)
rCorr    .         Harm     .   (no gloves)
MR       .....     Clarity  +   (no boots)
Stlth    +++.......             (no amulet)
Regen    0.0/turn               m - +2 ring of dexterity (curse)
MPRegen  0.2/turn               n - ring of protection from fire (curse)

@: berserk cooldown, slowed, very slow
A: claws 1, clarity, deterioration 1, negative energy resistance 1, electricity
resistance, inhibited regeneration, unbreathing, petrification resistance, rot
immunity, AC +5
a: Curse Item, Scrying, Renounce Religion


You were on level 6 of the Dungeon.
You worshipped Ashenzari.
Ashenzari was aware of your devotion.
You were not hungry.

You visited 2 branches of the dungeon, and saw 7 of its levels.

You collected 342 gold pieces.
You spent 110 gold pieces at shops.

Inventory:

Hand Weapons
 g - a +0 short sword of draining
 j - a cursed +2 mace of venom (weapon)
Missiles
 b - 125 stones (quivered)
Armour
 c - a cursed +2 robe (worn)
 r - a cursed +0 helmet (worn)
Jewellery
 k - an uncursed ring of flight
 m - a cursed +2 ring of dexterity (left claw)
 n - a cursed ring of protection from fire (right claw)
 q - an uncursed ring of see invisible
Wands
 i - a wand of disintegration (10/24)
 l - a wand of acid (2/15)
Scrolls
 p - 2 scrolls of teleportation
 t - a scroll of immolation
Potions
 o - 3 potions of brilliance
Books
 e - a book of Geomancy

   Spells                             Type                      Level
   a - Sandblast                      Earth                        1
   b - Passwall                       Transmutation/Earth          2
   c - Stone Arrow                    Conjuration/Earth            3
   d - Petrify                        Transmutation/Earth          4
   e - Lee's Rapid Deconstruction     Earth                        5
Comestibles
 d - a bread ration
 f - 3 fruits


   Skills:
 + Level 2.1 Fighting
 + Level 1.0 Short Blades
 + Level 3.7 Maces & Flails
 + Level 2.7 Dodging
 + Level 5.2 Stealth
 + Level 5.1 Spellcasting
 + Level 0.9 Conjurations
 + Level 1.3 Transmutations
 + Level 7.3 Earth Magic


You had 2 spell levels left.
You knew the following spells:

 Your Spells              Type           Power        Failure   Level  Hunger
a - Passwall              Tmut/Erth      ###.......   3%          2    #......
e - Lee's Rapid Deconstr  Erth           ####......   19%         5    ######.
q - Sandblast             Erth           ####..       1%          1    None
r - Stone Arrow           Conj/Erth      ###...       8%          3    ###....
w - Petrify               Tmut/Erth      ###.....     22%         4    ####...


Dungeon Overview and Level Annotations

Branches:
Dungeon (6/15)             Temple (1/1) D:4

Altars:
Ashenzari
Cheibriados
Dithmenos
Elyvilon
Gozag
Hepliaklqana
Kikubaaqudgha
Makhleb
Nemelex Xobeh
Okawaru
Ru
Trog
Uskayaw
Vehumet
Xom
Yredelemnul
The Shining One

Shops:
D:5 ?

Annotations:
D:6 smzp's ghost, novice GrFi


Innate Abilities, Weirdness & Mutations

You are resistant to torment.
Your stone body is resilient. (AC +5)
You are immune to poison.
You resist negative energy. (rN+)
You are resistant to electric shocks. (rElec)
You can survive without breathing.
You are immune to petrification.
You are immune to rotting.
You have sharp fingernails.
You possess an exceptional clarity of mind.
Your body sometimes deteriorates upon taking damage.
You do not regenerate when monsters are visible.


Message History

You barely miss smzp's ghost.
Smzp's ghost is severely damaged.
You hit smzp's ghost.
Smzp's ghost is severely damaged.
Smzp's ghost hits you!
* * * LOW HITPOINT WARNING * * *
Your body deteriorates!
You feel weakened.
You hit smzp's ghost.
Smzp's ghost is severely damaged.
Smzp's ghost hits you!
* * * LOW HITPOINT WARNING * * *
Your body deteriorates!
You feel weakened.
Unknown command.
You are too berserk!
You feel a strong urge to attack something.
You are no longer berserk.
You are exhausted.
You feel yourself slow down. Smzp's ghost hits you.
You die...

########...### ##..##
##...## # ##..#..#.# ###
#........# # #.. #........#
#. #># #........# .### #.#
########..[.....#
.[#.##.####@.............##
#.#.......W.######.......#
##.####....### #.......#
#........#.# ##.#.####
#.......##.### #.#.#
#.....$.....##...# #...#
#####<>.......##....# #.###
#########....##.# ..#
####.. ..


You could see smzp's ghost.

Vanquished Creatures
  The ghost of Goboxel the Slasher, an amateur DsGl of Yredelemnul (D:4)
  A sky beast (D:5)
  3 ogres
  A centaur (D:5)
  A howler monkey (D:4)
  4 crimson imps
  2 bullfrog skeletons
  6 orc wizards
  An orc priest (D:5)
  3 worker ants (D:4)
  A hound skeleton (D:4)
  3 gnolls (D:4)
  11 adders
  An ooze (D:3)
  An adder skeleton (D:4)
  A dart slug (D:3)
  4 worms
  2 leopard geckos
  17 orcs
  7 bats
  6 giant cockroaches
  5 goblins
  5 hobgoblins (D:1)
  4 jackals (D:4)
  3 ball pythons
  5 frilled lizards
  8 kobolds
  A leopard gecko skeleton (D:4)
  18 rats
126 creatures vanquished.

Notes
Turn   | Place    | Note
-------+----------+-------------------------------------------
     0 | D:1      | Gelerth the Gargoyle Earth Elementalist began the quest for the Orb.
     0 | D:1      | Reached XP level 1. HP: 10/10 MP: 3/3
   548 | D:1      | Reached skill level 4 in Earth Magic
   548 | D:1      | Reached XP level 2. HP: 15/15 MP: 5/5
   553 | D:1      | Learned a level 2 spell: Passwall
   996 | D:1      | Reached XP level 3. HP: 18/19 MP: 4/6
  1158 | D:1      | Learned a level 3 spell: Stone Arrow
  1570 | D:2      | Reached XP level 4. HP: 23/24 MP: 4/7
  1654 | D:2      | Found a hide-covered altar of Uskayaw.
  1845 | D:3      | Found a shattered altar of Ashenzari.
  1845 | D:3      | Found a faded altar of an unknown god.
  2019 | D:3      | Found a faded altar of an unknown god.
  2022 | D:3      | Found a sparkling altar of Nemelex Xobeh.
  2023 | D:3      | Found an iron altar of Okawaru.
  2036 | D:3      | Became a worshipper of Ashenzari the Shackled
  2128 | D:3      | Reached skill level 1 in Short Blades
  2208 | D:3      | Found a shadowy altar of Dithmenos.
  2268 | D:3      | Found a basalt altar of Yredelemnul.
  2392 | D:4      | Reached XP level 5. HP: 10/28 MP: 0/9
  2608 | D:4      | Reached skill level 1 in Maces & Flails
  2686 | D:4      | Noticed an ogre
  2704 | D:4      | Killed an ogre
  2704 | D:4      | Reached skill level 5 in Earth Magic
  2704 | D:4      | Reached XP level 6. HP: 33/33 MP: 3/11
  2715 | D:4      | Reached skill level 1 in Fighting
  2724 | D:4      | Learned a level 4 spell: Petrify
  2971 | D:4      | Noticed Goboxel's ghost (amateur DsGl)
  3076 | D:4      | Killed Goboxel's ghost
  3076 | D:4      | Reached skill level 1 in Transmutations
  3076 | D:4      | Reached XP level 7. HP: 14/39 MP: 1/12
  3542 | D:4      | Found a staircase to the Ecumenical Temple.
  3590 | Temple   | Entered the Ecumenical Temple
  3795 | D:4      | Reached skill level 6 in Earth Magic
  3812 | D:5      | Entered Level 5 of the Dungeon
  3820 | D:5      | Reached XP level 8. HP: 34/44 MP: 8/14
  3940 | D:5      | Learned a level 5 spell: Lee's Rapid Deconstruction
  3986 | D:5      | Found Jafetudy's Magic Scroll Shoppe.
  4005 | D:5      | Reached * piety under Ashenzari
  4020 | D:5      | Bought a scroll of identify for 20 gold pieces
  4020 | D:5      | Bought a scroll of identify for 20 gold pieces
  4020 | D:5      | Bought a scroll of remove curse for 30 gold pieces
  4020 | D:5      | Bought a scroll of identify for 20 gold pieces
  4020 | D:5      | Bought a scroll of identify for 20 gold pieces
  4061 | D:5      | Gained mutation: You do not regenerate when monsters are visible. [potion of mutation]
  4061 | D:5      | Gained mutation: You are somewhat resistant to further mutation. [potion of mutation]
  4097 | D:5      | Reached skill level 5 in Stealth
  4156 | D:5      | Reached skill level 7 in Earth Magic
  4397 | D:5      | Reached skill level 5 in Spellcasting
  4699 | D:5      | Lost mutation: You do not regenerate when monsters are visible. [potion of mutation]
  4699 | D:5      | Lost mutation: You are somewhat resistant to further mutation. [potion of mutation]
  4699 | D:5      | Gained mutation: You possess an exceptional clarity of mind. [potion of mutation]
  4699 | D:5      | Gained mutation: Your body sometimes deteriorates upon taking damage. [potion of mutation]
  4699 | D:5      | Gained mutation: You do not regenerate when monsters are visible. [potion of mutation]
  4699 | D:5      | Gained mutation: You have sharp fingernails. [potion of mutation]
  5051 | D:6      | Noticed smzp's ghost (novice GrFi)
  5081 | D:6      | HP: 1/66 [smzp's ghost (10)]
  5088 | D:6      | Slain by smzp's ghost

Skill      XL: |  1  2  3  4  5  6  7  8 |
---------------+-------------------------+-----
Earth Magic    | 4 5 6 7 |  7.3
Dodging        | 2 |  2.7
Short Blades   | 1 |  1.0
Maces & Flails | 1 2 3 |  3.7
Stealth        | 3 4 5 |  5.2
Spellcasting   | 3 4 5 |  5.1
Fighting       | 1 2 |  2.1
Transmutations | 1 |  1.3
Conjurations   | |  0.9

Action                   |  1- 3 |  4- 6 |  7- 9 || total
-------------------------+-------+-------+-------++-------
Melee: Dagger            |    13 |       |       ||    13
       Short sword       |    52 |       |       ||    52
       Mace              |    18 |    67 |   105 ||   190
 Cast: Sandblast         |    20 |    34 |    56 ||   110
       Stone Arrow       |       |     4 |       ||     4
       Petrify           |       |     4 |     8 ||    12
       Lee's Rapid Decon |       |       |     2 ||     2
Invok: Curse Item        |       |     3 |     1 ||     4
  Use: Potion            |     1 |     1 |     4 ||     6
       Scroll            |     1 |     3 |     6 ||    10
 Stab: Sleeping          |     6 |     3 |     3 ||    12
       Petrified         |       |     3 |     6 ||     9
       Distracted        |       |       |     1 ||     1
       Petrifying        |       |       |     1 ||     1
  Eat: Royal jelly       |     1 |     1 |     1 ||     3
       Meat ration       |       |     1 |       ||     1
       Bread ration      |       |       |     2 ||     2
Armor: Robe              |    35 |    31 |    40 ||   106
Dodge: Dodged            |    63 |    53 |    74 ||   190
